EL
MIDLAND ROCKHOUNDS @ CORPUS CHRISTI HOOKS
08/21/2046
 
TOP OF THE 1ST
Midland RockHounds batting - Pitching for Corpus Christi Hooks : RHP Moises Hernandez Jr.
Pitching: RHP Moises Hernandez Jr.
Batting: LHB Zachary DeLuca 0-0: Called Strike
0-1: Ball
1-1: SINGLE (Flyball, 5D, EV 91.2 MPH)
Batting: RHB Tim Cordle 0-0: Ball
1-0: SINGLE (Flyball, 34D, EV 91.2 MPH)
Zachary DeLuca to second
Batting: LHB John Shults 0-0: Ball
1-0: Ball
2-0: Called Strike
2-1: Foul Ball, location: 2F
2-2: Fly out, F9 (Flyball, 89M, EV 95.0 MPH)
Batting: LHB Chance Stever 0-0: Ball
1-0: Ball
2-0: Swinging Strike
2-1: Called Strike
2-2: Ball
Wild Pitch!
Zachary DeLuca to third
Tim Cordle to second
3-2: Strikes out swinging
Batting: RHB Jonathan Gallup 0-0: Foul Ball, location: 2F
0-1: Foul Ball, location: 2F
0-2: Foul Ball, location: 2F
0-2: Fly out, F7 (Flyball, 78D, EV 96.2 MPH)
Top of the 1st over - 0 runs, 2 hits, 0 errors, 2 left on base; Midland 0 - Corpus Christi 0
BOTTOM OF THE 1ST
Corpus Christi Hooks batting - Pitching for Midland RockHounds : RHP Dave Quintero
Pitching: RHP Dave Quintero
Batting: RHB Bruce Bermudez 0-0: Ground out 6-3 (Groundball, 6, EV 86.9 MPH)
Batting: RHB Masaru Konno 0-0: Ball
1-0: Ground out 5-3 (Groundball, 25, EV 89.4 MPH)
Batting: RHB Elijah Hunter 0-0: Called Strike
0-1: Ball
1-1: Ball
2-1: Fly out, F7 (Flyball, 78M, EV 87.5 MPH)
Bottom of the 1st over - 0 runs, 0 hits, 0 errors, 0 left on base; Midland 0 - Corpus Christi 0
TOP OF THE 2ND
Midland RockHounds batting - Pitching for Corpus Christi Hooks : RHP Moises Hernandez Jr.
Batting: RHB Carlos Ballesteros 0-0: Ball
1-0: Ball
2-0: Swinging Strike
2-1: Called Strike
2-2: Strikes out swinging
Batting: RHB Eduardo Chavez 0-0: Ball
1-0: Ball
2-0: Ground out 6-3 (Groundball, 6, EV 94.4 MPH)
Batting: RHB Armando Estrada 0-0: Called Strike
0-1: Ball
1-1: Ground out 4-3 (Groundball, 4, EV 102.5 MPH)
Top of the 2nd over - 0 runs, 0 hits, 0 errors, 0 left on base; Midland 0 - Corpus Christi 0
BOTTOM OF THE 2ND
Corpus Christi Hooks batting - Pitching for Midland RockHounds : RHP Dave Quintero
Batting: SHB Paskar Adegoke 0-0: DOUBLE (Line Drive, 9D, EV 88.1 MPH)
Batting: RHB Workneh Lagat 0-0: Fly out, F7 (Flyball, 78M, EV 80.6 MPH)
Batting: RHB Jamie Jennings 0-0: Called Strike
0-1: Ground out 4-3 (Groundball, 4M, EV 90.0 MPH)
Paskar Adegoke to third
Batting: LHB Vinny Siebecker 0-0: Ball
1-0: Ball
2-0: Ball
3-0: Called Strike
3-1: Foul Ball, location: 2F
3-2: Fly out, F5 (Line Drive, 56, EV 67.5 MPH)
Bottom of the 2nd over - 0 runs, 1 hit, 0 errors, 1 left on base; Midland 0 - Corpus Christi 0
TOP OF THE 3RD
Midland RockHounds batting - Pitching for Corpus Christi Hooks : RHP Moises Hernandez Jr.
Batting: RHB Dunlang Clark 0-0: Foul Ball, location: 2F
0-1: Ball
1-1: Foul Ball, location: 2F
1-2: SINGLE (Groundball, 6M, EV 96.9 MPH) (infield hit)
Batting: LHB Zachary DeLuca 0-0: Fielders Choice at 2nd, 3-6 (Groundball, 3, EV 105.6 MPH)
Batting: RHB Tim Cordle 0-0: Ball
Zachary DeLuca steals 2nd base
1-0: Ball
2-0: Called Strike
2-1: Ball
3-1: SINGLE (Line Drive, 34D, EV 95.6 MPH)
Zachary DeLuca to third
Runner from 3rd tries for Home, SAFE, throw by RF to home
Tim Cordle to second
Batting: LHB John Shults 0-0: Called Strike
0-1: Ball
1-1: Foul Ball, location: 2F
1-2: Strikes out looking
Batting: LHB Chance Stever 0-0: Ball
1-0: Ball
2-0: Called Strike
2-1: Swinging Strike
2-2: Foul Ball, location: 2F
2-2: Foul Ball, location: 2F
2-2: Foul Ball, location: 2F
2-2: Strikes out swinging
Top of the 3rd over - 1 run, 2 hits, 0 errors, 1 left on base; Midland 1 - Corpus Christi 0
BOTTOM OF THE 3RD
Corpus Christi Hooks batting - Pitching for Midland RockHounds : RHP Dave Quintero
Batting: RHB Steve Moore 0-0: Ball
1-0: Ball
2-0: Ground out 5-3 (Groundball, 56, EV 109.4 MPH)
Batting: LHB Jimmy Edlin 0-0: Fly out, F4 (Popup, 4, EV 60.6 MPH)
Batting: RHB Bruce Bermudez 0-0: Ball
1-0: Swinging Strike
1-1: SINGLE (Flyball, 56D, EV 87.5 MPH)
Batting: RHB Masaru Konno 0-0: Ball
1-0: Called Strike
1-1: Ball
2-1: DOUBLE (Groundball, 5L, EV 102.5 MPH)
Bruce Bermudez to third
Runner from 3rd tries for Home, SAFE, throw by LF to home
Batting: RHB Elijah Hunter 0-0: Foul Ball, location: 2F
0-1: Swinging Strike
0-2: Fly out, F8 (Flyball, 8LM, EV 83.1 MPH)
Bottom of the 3rd over - 1 run, 2 hits, 0 errors, 1 left on base; Midland 1 - Corpus Christi 1
TOP OF THE 4TH
Midland RockHounds batting - Pitching for Corpus Christi Hooks : RHP Moises Hernandez Jr.
Batting: RHB Jonathan Gallup 0-0: Called Strike
0-1: Ball
1-1: Ball
2-1: Foul Ball, location: 2F
2-2: Fly out, F9 (Flyball, 9, EV 91.2 MPH)
Batting: RHB Carlos Ballesteros 0-0: Ball
1-0: Ball
2-0: Ball
3-0: Called Strike
3-1: Fly out, F4 (Popup, 34, EV 73.8 MPH)
Batting: RHB Eduardo Chavez 0-0: Ball
1-0: Swinging Strike
1-1: Ball
2-1: Fly out, F4 (Line Drive, 4, EV 75.6 MPH)
Top of the 4th over - 0 runs, 0 hits, 0 errors, 0 left on base; Midland 1 - Corpus Christi 1
BOTTOM OF THE 4TH
Corpus Christi Hooks batting - Pitching for Midland RockHounds : RHP Dave Quintero
Batting: SHB Paskar Adegoke 0-0: Ball
1-0: Ground out 4-3 (Groundball, 4, EV 107.5 MPH)
Batting: RHB Workneh Lagat 0-0: Foul Ball, location: 2F
0-1: Ball
1-1: Ball
2-1: Fly out, F9 (Flyball, 9, EV 94.4 MPH)
Batting: RHB Jamie Jennings 0-0: Ground out 6-3 (Groundball, 6, EV 86.9 MPH)
Bottom of the 4th over - 0 runs, 0 hits, 0 errors, 0 left on base; Midland 1 - Corpus Christi 1
TOP OF THE 5TH
Midland RockHounds batting - Pitching for Corpus Christi Hooks : RHP Moises Hernandez Jr.
Batting: RHB Armando Estrada 0-0: Called Strike
0-1: Fly out, F8 (Line Drive, 8RM, EV 91.2 MPH)
Batting: RHB Dunlang Clark 0-0: Ball
1-0: Swinging Strike
1-1: Swinging Strike
1-2: Strikes out swinging
Batting: LHB Zachary DeLuca 0-0: Ball
1-0: Ball
2-0: Ball
3-0: Called Strike
3-1: Swinging Strike
3-2: Strikes out swinging
Top of the 5th over - 0 runs, 0 hits, 0 errors, 0 left on base; Midland 1 - Corpus Christi 1
BOTTOM OF THE 5TH
Corpus Christi Hooks batting - Pitching for Midland RockHounds : RHP Dave Quintero
Batting: LHB Vinny Siebecker 0-0: Ball
1-0: Ground out 4-3 (Groundball, 4, EV 107.5 MPH)
Batting: RHB Steve Moore 0-0: Called Strike
0-1: Ball
1-1: Called Strike
1-2: Foul Ball, location: 2F
1-2: Foul Ball, location: 2F
1-2: Ball
2-2: Fly out, F9 (Flyball, 89M, EV 96.2 MPH)
Batting: LHB Jimmy Edlin 0-0: Foul Ball, location: 2F
0-1: Ground out U3 (Groundball, 3S, EV 91.9 MPH)
Bottom of the 5th over - 0 runs, 0 hits, 0 errors, 0 left on base; Midland 1 - Corpus Christi 1
TOP OF THE 6TH
Midland RockHounds batting - Pitching for Corpus Christi Hooks : RHP Moises Hernandez Jr.
Batting: RHB Tim Cordle 0-0: Foul Ball, location: 2F
0-1: Foul Ball, location: 2F
0-2: Ball
1-2: Ball
2-2: Ball
3-2: Strikes out swinging
Batting: LHB John Shults 0-0: Ball
1-0: Foul Ball, location: 2F
1-1: Ball
2-1: Ball
3-1: Base on Balls
Pitching: RHP Calisto Morda
Batting: LHB Chance Stever 0-0: Foul Ball, location: 2F
0-1: Swinging Strike
0-2: Strikes out swinging
Batting: RHB Jonathan Gallup 0-0: Ball
1-0: Ball
2-0: Called Strike
2-1: Ball
3-1: Called Strike
3-2: Fly out, F7 (Flyball, 78S, EV 83.8 MPH)
Top of the 6th over - 0 runs, 0 hits, 0 errors, 1 left on base; Midland 1 - Corpus Christi 1
BOTTOM OF THE 6TH
Corpus Christi Hooks batting - Pitching for Midland RockHounds : RHP Dave Quintero
Batting: RHB Bruce Bermudez 0-0: SINGLE (Groundball, 6D, EV 100.6 MPH)
Batting: RHB Masaru Konno 0-0: Called Strike
Bruce Bermudez steals 2nd base
0-1: Ball
1-1: Ball
2-1: Foul Ball, location: 2F
2-2: Ball
3-2: Foul Ball, location: 2F
3-2: Ground out 5-3 (Groundball, 56, EV 93.1 MPH)
Batting: RHB Elijah Hunter 0-0: Called Strike
0-1: Fly out, F2 (Popup, 2LF, EV 95.0 MPH)
Batting: SHB Paskar Adegoke 0-0: Foul Ball, location: 2F
0-1: Ball
1-1: Ball
2-1: Foul Ball, location: 2F
2-2: Foul Ball, location: 2F
2-2: SINGLE (Groundball, 3D, EV 104.4 MPH)
Bruce Bermudez to third
Runner from 3rd tries for Home, SAFE, throw by RF to home
Batting: RHB Workneh Lagat 0-0: Ball
1-0: Foul Ball, location: 2F
1-1: Called Strike
1-2: Ball
2-2: Ball
3-2: Ground out 5-3 (Groundball, 5S, EV 62.5 MPH)
Bottom of the 6th over - 1 run, 2 hits, 0 errors, 1 left on base; Midland 1 - Corpus Christi 2
TOP OF THE 7TH
Midland RockHounds batting - Pitching for Corpus Christi Hooks : RHP Calisto Morda
Batting: RHB Carlos Ballesteros 0-0: Foul Ball, location: 2F
0-1: Called Strike
0-2: Foul Ball, location: 2F
0-2: Ball
1-2: Foul Ball, location: 2F
1-2: Strikes out looking
Batting: RHB Eduardo Chavez 0-0: Ball
1-0: Foul Ball, location: 2F
1-1: Ball
2-1: Ground out 6-3 (Groundball, 6, EV 100.6 MPH)
Batting: RHB Armando Estrada 0-0: Foul Ball, location: 2F
0-1: Ball
1-1: Called Strike
1-2: Ball
2-2: Foul Ball, location: 2F
2-2: Reached on error, E5 (Groundball, 56, EV 88.1 MPH)
Pitching: RHP Tim Watson
Batting: RHB Dunlang Clark 0-0: DOUBLE (Flyball, 7LD, EV 106.9 MPH)
Armando Estrada to third
Runner from 3rd tries for Home, SAFE, throw by LF to home
Batting: LHB Zachary DeLuca 0-0: Intentional Walk
Pinch Hitting: SHB Rich Muniz 0-0: Called Strike
0-1: Swinging Strike
0-2: Foul Ball, location: 2F
0-2: Ball
1-2: Ball
2-2: Foul Ball, location: 2F
2-2: Hit by Pitch
Dunlang Clark to third
Zachary DeLuca to second
Batting: LHB John Shults 0-0: Ball
1-0: Called Strike
1-1: Ball
2-1: Foul Ball, location: 2F
2-2: Foul Ball, location: 2F
2-2: Ball
3-2: Foul Ball, location: 2F
3-2: Foul Ball, location: 2F
3-2: DOUBLE (Line Drive, 89XD, EV 100.0 MPH)
Dunlang Clark scores
Zachary DeLuca scores
Rich Muniz to third
Rich Muniz scores
Batting: LHB Chance Stever 0-0: Intentional Walk
Batting: RHB Jonathan Gallup 0-0: Ground out 1-3 (Groundball, 13S, EV 75.0 MPH)
Top of the 7th over - 4 runs, 2 hits, 1 error, 2 left on base; Midland 5 - Corpus Christi 2
BOTTOM OF THE 7TH
Corpus Christi Hooks batting - Pitching for Midland RockHounds : RHP Dave Quintero
Now at 3B: Dave Glenn
Batting: RHB Jamie Jennings 0-0: Ball
1-0: Called Strike
1-1: Ball
2-1: Fly out, F7 (Flyball, 7S, EV 81.9 MPH)
Batting: LHB Vinny Siebecker 0-0: Bunt for hit to 15 - play at first, batter safe!
Batting: RHB Steve Moore 0-0: Called Strike
0-1: Ball
1-1: Foul Ball, location: 2F
1-2: Fly out, F8 (Line Drive, 8RM, EV 92.5 MPH)
Batting: LHB Jimmy Edlin 0-0: Ball
1-0: SINGLE (Groundball, 34D, EV 105.6 MPH)
Vinny Siebecker to second
Runner from 2nd tries for 3rd, SAFE, throw by RF made to third
Batting: RHB Bruce Bermudez 0-0: Ball
1-0: TRIPLE (Flyball, 89XD, EV 99.4 MPH)
Vinny Siebecker scores
Jimmy Edlin scores
Batting: RHB Masaru Konno 0-0: Ball
1-0: Called Strike
1-1: Foul Ball, location: 2F
1-2: Ball
2-2: Ground out 5-3 (Groundball, 56S, EV 68.8 MPH)
Bottom of the 7th over - 2 runs, 3 hits, 0 errors, 1 left on base; Midland 5 - Corpus Christi 4
TOP OF THE 8TH
Midland RockHounds batting - Pitching for Corpus Christi Hooks : RHP Tim Watson
Pitching: RHP Joe Rivin
Batting: RHB Carlos Ballesteros 0-0: Called Strike
0-1: SINGLE (Line Drive, 34D, EV 93.8 MPH)
Batting: RHB Eduardo Chavez 0-0: Ball
1-0: SINGLE (Line Drive, 4D, EV 98.1 MPH)
Carlos Ballesteros to second
Runner from 2nd tries for 3rd, SAFE, throw by RF made to third
Batting: RHB Armando Estrada 0-0: Swinging Strike
0-1: SINGLE (Groundball, 6D, EV 100.6 MPH)
Carlos Ballesteros scores
Eduardo Chavez to second
Batting: RHB Dunlang Clark 0-0: Sac Bunt to 5S - play at first, batter OUT! 5-3
Eduardo Chavez to third
Armando Estrada to second
Batting: LHB Zachary DeLuca 0-0: Ball
1-0: Ball
2-0: Called Strike
2-1: Foul Ball, location: 2F
2-2: Ball
3-2: Fly out, F9 (Flyball, 89D, EV 105.6 MPH)
Runner from 3rd tags up, SCORES, no throw by RF
Batting: RHB Dave Glenn 0-0: Foul Ball, location: 2F
0-1: Ball
1-1: Foul Ball, location: 2F
1-2: Strikes out swinging
Top of the 8th over - 2 runs, 3 hits, 0 errors, 1 left on base; Midland 7 - Corpus Christi 4
BOTTOM OF THE 8TH
Corpus Christi Hooks batting - Pitching for Midland RockHounds : RHP Dave Quintero
Batting: RHB Elijah Hunter 0-0: Ball
1-0: Fly out, F8 (Flyball, 8RD, EV 96.2 MPH)
Batting: SHB Paskar Adegoke 0-0: Ball
1-0: Fly out, F7 (Flyball, 7D, EV 105.0 MPH)
Batting: RHB Workneh Lagat 0-0: Ball
1-0: Ground out 5-3 (Groundball, 56S, EV 88.8 MPH)
Bottom of the 8th over - 0 runs, 0 hits, 0 errors, 0 left on base; Midland 7 - Corpus Christi 4
TOP OF THE 9TH
Midland RockHounds batting - Pitching for Corpus Christi Hooks : RHP Joe Rivin
Pitching: RHP Aaron Shapiro
Batting: LHB John Shults 0-0: Called Strike
0-1: Swinging Strike
0-2: Reached on error, E6 (Groundball, 6, EV 81.2 MPH)
Batting: LHB Chance Stever 0-0: Swinging Strike
0-1: Swinging Strike
0-2: Strikes out swinging
Batting: RHB Jonathan Gallup 0-0: Called Strike
0-1: Ball
1-1: Swinging Strike
1-2: Strikes out looking
Batting: RHB Carlos Ballesteros 0-0: Ball
1-0: Called Strike
1-1: Ball
2-1: Fielders Choice at 2nd, 6-4 (Groundball, 6, EV 104.4 MPH)
Top of the 9th over - 0 runs, 0 hits, 1 error, 1 left on base; Midland 7 - Corpus Christi 4
BOTTOM OF THE 9TH
Corpus Christi Hooks batting - Pitching for Midland RockHounds : RHP Dave Quintero
Batting: RHB Jamie Jennings 0-0: Swinging Strike
0-1: Ball
1-1: Ball
2-1: Ground out U3 (Groundball, 3S, EV 75.0 MPH)
Batting: LHB Vinny Siebecker 0-0: Ball
1-0: Ball
2-0: SINGLE (Line Drive, 34, EV 97.5 MPH)
Pitching: RHP Steve Friesner
Batting: RHB Steve Moore 0-0: Swinging Strike
0-1: Ball
1-1: Swinging Strike
1-2: Strikes out swinging
Batting: LHB Jimmy Edlin 0-0: Swinging Strike
0-1: Ground out 4-3 (Groundball, 34S, EV 63.1 MPH)
Bottom of the 9th over - 0 runs, 1 hit, 0 errors, 1 left on base; Midland 7 - Corpus Christi 4
Tuesday, September 13th , 2022 - OOTP Baseball 23.7 Build 88